 Dungeon Crawl Stone Soup version 0.20.1-1-g8b1a95d (webtiles) character file.

51 Salad the Skirmisher (level 3, -1/36 HPs)
             Began as a Hill Orc Monk on July 12, 2017.
             Slain by Sigmund
             ... wielding a +0 scythe
              (5 damage)
             ... on level 2 of the Dungeon.
             The game lasted 00:03:58 (1222 turns).

Salad the Skirmisher (Hill Orc Monk)                Turns: 1222, Time: 00:03:59

Health: -1/36      AC:  8    Str: 14    XL:     3   Next: 81%
Magic:  3/3        EV:  6    Int: 10    God:
Gold:   101        SH:  0    Dex: 13    Spells: 2/2 levels left

rFire    . . .     SeeInvis .   a - +0 hand axe
rCold    + . .     Gourm    .   (no shield)
rNeg     . . .     Faith    .   e - +0 chain mail
rPois    .         Spirit   .   (no helmet)
rElec    .         Reflect  .   (no cloak)
rCorr    .         Harm     .   (no gloves)
MR       +....                  (no boots)
Stlth    ..........             (no amulet)
Regen    0.2/turn               k - ring of ice
MPRegen  0.1/turn               (no ring)

@: no status effects
A: camouflage 1, fire resistance 1, magic resistance 1
a: no special abilities


You were on level 2 of the Dungeon.
You were not hungry.

You visited 1 branch of the dungeon, and saw 2 of its levels.

You collected 101 gold pieces.

Inventory:

Hand Weapons
 a - a +0 hand axe (weapon)
Armour
 e - a +0 chain mail (worn)
Jewellery
 k - a ring of ice (left hand)
Scrolls
 j - 2 scrolls of remove curse
 l - 3 scrolls of teleportation
 n - a scroll of immolation {unknown}
 o - a scroll of enchant weapon {unknown}
Potions
 d - a potion of heal wounds {unknown}
 g - a potion of might {unknown}
 h - a potion of cancellation {unknown}
 i - a potion of curing
Comestibles
 b - a chunk of flesh
 c - 2 bread rations
 m - 2 royal jellies


   Skills:
 * Level 5.0 Fighting
 + Level 4.7 Axes
 - Level 2.4 Dodging
 - Level 1.5 Stealth


You had 2 spell levels left.
You didn't know any spells.

Dungeon Overview and Level Annotations

Branches:
Dungeon (2/15)

Altars:
Nemelex Xobeh
Trog

Annotations:
D:2 Sigmund


Innate Abilities, Weirdness & Mutations

Your skin changes colour to match your surroundings (Stealth+).
Your flesh is heat resistant. (rF+)
You are resistant to hostile enchantments. (MR+)


Message History

Sigmund is severely wounded.
Sigmund hits you but does no damage.
You hit Sigmund.
Sigmund is almost dead.
Sigmund mumbles some strange words.
Sigmund flickers and vanishes!
Deactivating autopickup; reactivate with Ctrl-A.
Your chain mail prevents you from hitting something.
You hear some strange, mumbled words.
A puff of flame appears from out of thin air!
The puff of flame hits you!
* * * LOW HITPOINT WARNING * * *
You closely miss something.
You hear some strange, mumbled words.
A puff of flame appears from out of thin air!
The puff of flame hits you!
* * * LOW HITPOINT WARNING * * *
You hit something. You hit something. Something hits you.
You die...

....###.###.# #((............#
....#...###.# #(..####.####..#
....#....##.###...##.....##..#
......._......#...#.......#..####
..#.##....#.....#(#......[#......
###.###...#(.##.#....._......####
..#.###.###..##...#.......#..#...
..#..........##...#.......#.##.##
..#####......##.@{##.....##.##.##
.<..............#.####.####.##...
##'####.#########...........#####
#.####'##.........#####.........
#รท................# #.#######.
#.................#####.........
#.........@..............#......
#........####.#........#.#......
#........ #..#..#.##.#.#.#.#..


There were no monsters in sight!

Vanquished Creatures
  A worm (D:2)
  2 dart slugs (D:1)
  4 leopard geckos
  7 bats
  2 giant cockroaches (D:1)
  5 goblins
  A hobgoblin (D:2)
  4 jackals (D:2)
  A frilled lizard (D:1)
  5 kobolds
  7 rats
39 creatures vanquished.

Notes
Turn   | Place    | Note
-------+----------+-------------------------------------------
     0 | D:1      | Salad the Hill Orc Monk began the quest for the Orb.
     0 | D:1      | Reached XP level 1. HP: 19/19 MP: 1/1
    61 | D:1      | Reached skill level 4 in Fighting
   122 | D:1      | Reached XP level 2. HP: 27/27 MP: 2/2
   537 | D:1      | Reached XP level 3. HP: 34/34 MP: 3/3
   742 | D:2      | Found a sparkling altar of Nemelex Xobeh.
   800 | D:2      | Reached skill level 5 in Fighting
   922 | D:2      | Found a bloodstained altar of Trog.
  1173 | D:2      | Found a faded altar of an unknown god.
  1192 | D:2      | Noticed Sigmund
  1203 | D:2      | Gained mutation: Your flesh is heat resistant. (rF+) [potion of mutation]
  1203 | D:2      | Gained mutation: You are resistant to hostile enchantments. (MR+) [potion of mutation]
  1203 | D:2      | Gained mutation: Your skin changes colour to match your surroundings (Stealth+). [potion of mutation]
  1222 | D:2      | Slain by Sigmund

Skill      XL: |  1  2  3 |
---------------+----------+-----
Fighting       | 4 5 |  5.0
Axes           | |  4.7
Dodging        | |  2.4
Stealth        | |  1.5

Action                   || total
-------------------------++-------
Melee: Hand axe          ||   162
  Use: Scroll            ||     2
       Potion            ||     2
 Stab: Sleeping          ||     1
  Eat: Chunk             ||     1
Armor: Chain mail        ||   114
       Robe              ||     2
Dodge: Dodged            ||    77
